 Dungeon Crawl Stone Soup version 0.29.0-4-gdea44cf6ec (webtiles) character file.

Game seed: 12844509199098160293

213 qw the Ruffian (level 5, -1/41 HPs)
             Began as a Ghoul Fire Elementalist on Aug 29, 2022.
             Slain by an iguana (5 damage)
             ... on level 4 of the Dungeon.
             The game lasted 00:02:42 (3664 turns).

qw the Ruffian (Ghoul Fire Elementalist)            Turns: 3664, Time: 00:02:43

Health: -1/41      AC: 10    Str: 14    XL:     5   Next: 90%
Magic:  6/6        EV:  2    Int: 10    God:
Gold:   140        SH:  7    Dex:  9    Spells: 6/7 levels left

rFire   . . .      SeeInvis .     - Unarmed
rCold   + . .      Faith    .   g - +0 kite shield
rNeg    + + +      Spirit   .   d - +0 plate armour
rPois   inf        Reflect  .   (no helmet)
rElec   .          Harm     .   (no cloak)
rCorr   .          Rampage  .   (no gloves)
Will    .....                   (no boots)
Stlth   ..........              (no amulet)
HPRegen 0.00/turn               (no ring)
MPRegen 0.10/turn               (no ring)

@: inhibited regen
A: claws 1, cold resistance 1, negative energy resistance 3, inhibited
regeneration, torment resistance 2, devour on kill
a: no special abilities


You were on level 4 of the Dungeon.
You visited 1 branch of the dungeon, and saw 4 of its levels.

You collected 140 gold pieces.


Innate Abilities, Weirdness & Mutations

You are immune to poison.
You have sharp fingernails.
Your flesh is cold resistant. (rC+)
You are immune to negative energy. (rN+++)
You do not regenerate when monsters are visible.
You are immune to unholy pain and torment.
You thrive by killing the living.


   Skills:
 + Level 1.9 Fighting
 - Level 1.2 Armour
 - Level 1.7 Dodging
 - Level 2.1 Stealth
 - Level 2.3 Shields
 - Level 4.0 Unarmed Combat
 - Level 1.7 Spellcasting
 - Level 0.7 Conjurations
 - Level 2.4 Fire Magic


You had 6 spell levels left.
You knew the following spells:

 Your Spells              Type           Power      Damage    Failure   Level
a - Foxfire               Conj/Fire      16%        2x1d4     100%        1

Your spell library contained the following spells:

 Spells                   Type           Power      Damage    Failure   Level
 Scorch                   Fire           10%        2d6       100%        2
 Conjure Flame            Conj/Fire      4%         6-21      100%        3
 Inner Flame              Hex/Fire       3%         N/A       100%        3
 Flame Wave               Conj/Fire      4%         2d5       100%        4

Inventory:

Armour
 d - a +0 plate armour (worn)
 g - a +0 kite shield (worn)
Scrolls
 a - a scroll of identify
 c - a scroll of enchant armour {unknown}
Potions
 b - a potion of cancellation
 f - a potion of curing
 h - a potion of resistance

Dungeon Overview and Level Annotations

Branches:
Dungeon (4/15)
 Temple: D:4-7

Altars:

Annotations:
D:3 2 transporters, qw's ghost, amateur TeWr


Message History

Enter note:
Enter note:
There is an open door here.
You open the door.
There is an open door here.
An iguana comes into view.
Enter note:
Enter note:
Enter note: You closely miss the iguana.
The iguana bites you!
You scratch the iguana but do no damage.
You block the iguana's attack.
You barely miss the iguana. You block the iguana's attack.
You barely miss the iguana. The iguana bites you. x2
You scratch the iguana but do no damage.
The iguana bites you but does no damage.
You barely miss the iguana. The iguana bites you.
You barely miss the iguana. The iguana bites you!
You claw the iguana!
The iguana is moderately wounded.
The iguana bites you.
You scratch the iguana but do no damage.
The iguana is moderately wounded.
The iguana bites you.
You closely miss the iguana.
The iguana is moderately wounded.
The iguana bites you but does no damage.
You scratch the iguana but do no damage.
The iguana is moderately wounded.
You block the iguana's attack.
The iguana bites you but does no damage.
You scratch the iguana.
The iguana is moderately wounded.
The iguana bites you.
You die...

#........#....#..................
#........######............###'#.
#........#....#............#...#.
#........'....#............'...#>
#........###'##............#...#.
#....##'###..........###########.
+....#....#..........+ #. #...
#....#..........# ##
....##'###.....@....#
.............#'##l...#
.............#..+....#
.............#..#.P..#
...........<.####.P..#
#....######.... .P.## #....
#..... .P . #.... #........ .# ..
......


You could see an iguana.

Vanquished Creatures
  An orc priest (D:4)
  Natasha (thrice) (D:3)
  6 adders
  A white imp (D:3)
  A dart slug (D:2)
  3 orcs
  5 bats
  8 endoplasms
  3 giant cockroaches
  2 goblins
  4 hobgoblins
  A kobold (D:3)
  A quokka (D:1)
  3 ball pythons (D:1)
  5 frilled lizards
  8 rats
55 creatures vanquished.

Notes
Turn   | Place    | Note
-------+----------+-------------------------------------------
     0 | D:1      | qw the Ghoul Fire Elementalist began the quest for the Orb.
     0 | D:1      | Reached XP level 1. HP: 14/14 MP: 2/2
     0 | D:1      | 0 ||| qw: Version: 0.1-a-90-g952f4b7
     0 | D:1      | 0 ||| qw: Game counter: 4196
     0 | D:1      | 0 ||| qw: Always use a shield: true
     0 | D:1      | 0 ||| qw: God list: Okawaru
     0 | D:1      | 0 ||| qw: Allow faded altars: false
     0 | D:1      | 0 ||| qw: Do Orc after D:15 true
     0 | D:1      | 0 ||| qw: Do second Lair branch before Depths: true
     0 | D:1      | 0 ||| qw: Lair rune preference: random
     0 | D:1      | 0 ||| qw: Plans: Normal
     0 | D:1      | 0 ||| PLANNING D:1-11
    42 | D:1      | 42 ||| Stepping ~*~*~tactically~*~*~ (outnumbered).
   148 | D:1      | Reached skill level 1 in Unarmed Combat
   321 | D:1      | Reached skill level 1 in Fighting
   321 | D:1      | Reached XP level 2. HP: 10/23 MP: 3/3
   541 | D:1      | 541 ||| Stepping ~*~*~tactically~*~*~ (stealth).
   971 | D:1      | 971 ||| UPGRADING to +0 ring mail.
   981 | D:1      | 981 ||| DROPPING +0 robe.
   982 | D:1      | 982 ||| UPGRADING to +0 kite shield.
   987 | D:1      | 987 ||| READING scroll labelled WESMOT OKHLI.
   988 | D:1      | 988 ||| READING scroll labelled DEBBUIQ OKKO.
  1089 | D:1      | 1089 ||| READING scroll labelled TALUCA TELOIRE.
  1090 | D:1      | 1090 ||| DROPPING potion of magic.
  1160 | D:2      | 1160 ||| Stepping ~*~*~tactically~*~*~ (stealth).
  1173 | D:2      | Reached skill level 1 in Shields
  1173 | D:2      | Reached XP level 3. HP: 23/28 MP: 4/4
  1347 | D:2      | Reached skill level 2 in Unarmed Combat
  1390 | D:2      | 1390 ||| Stepping ~*~*~tactically~*~*~ (stealth).
  1829 | D:2      | 1829 ||| READING scroll labelled XIUN HOD SAE.
  1830 | D:2      | 1830 ||| READING 2 scrolls labelled KUSKEES JOOT.
  1833 | D:2      | 1833 ||| READING 3 scrolls of identify.
  1833 | D:2      | 1833 ||| IDENTIFYING silvery potion
  1834 | D:2      | 1834 ||| READING 2 scrolls of identify.
  1834 | D:2      | 1834 ||| IDENTIFYING fizzy white potion
  1835 | D:2      | 1835 ||| DROPPING potion of lignification.
  1836 | D:2      | 1836 ||| DROPPING potion of brilliance.
  1906 | D:3      | Reached skill level 3 in Unarmed Combat
  1906 | D:3      | Reached XP level 4. HP: 30/35 MP: 5/5
  2058 | D:3      | 2058 ||| Stepping ~*~*~tactically~*~*~ (stealth).
  2130 | D:3      | Noticed Natasha
  2131 | D:3      | 2131 ||| Stepping ~*~*~tactically~*~*~ (hiding).
  2142 | D:3      | Killed Natasha
  2265 | D:3      | Noticed Natasha
  2279 | D:3      | HP: 7/35 [Natasha (4)]
  2280 | D:3      | 2280 ||| READING scroll of teleportation.
  2281 | D:3      | Killed Natasha
  2282 | D:3      | Reached XP level 5. HP: 8/40 MP: 6/6
  2627 | D:3      | Found a transporter.
  2633 | D:3      | Noticed an ogre
  2633 | D:3      | Noticed qw's ghost (amateur TeWr)
  2633 | D:3      | Noticed an ogre
  2634 | D:3      | Found a transporter.
  2671 | D:3      | Noticed Natasha
  2672 | D:3      | 2672 ||| Stepping ~*~*~tactically~*~*~ (hiding).
  2680 | D:3      | Killed Natasha
  2681 | D:3      | Reached skill level 4 in Unarmed Combat
  2894 | D:3      | 2894 ||| FLEEEEING.
  3042 | D:3      | 3042 ||| Stepping ~*~*~tactically~*~*~ (stealth).
  3043 | D:3      | 3043 ||| Stepping ~*~*~tactically~*~*~ (stealth).
  3168 | D:3      | 3168 ||| UPGRADING to +0 plate armour.
  3178 | D:3      | 3178 ||| DROPPING +0 ring mail.
  3179 | D:3      | 3179 ||| READING scroll labelled HAOSKI MAYFI.
  3180 | D:3      | 3180 ||| DRINKING 2 viscous blue potions.
  3181 | D:3      | 3181 ||| DRINKING 2 fuming yellow potions.
  3182 | D:3      | 3182 ||| READING 3 scrolls of identify.
  3182 | D:3      | 3182 ||| IDENTIFYING inky potion
  3183 | D:3      | 3183 ||| READING 2 scrolls of identify.
  3183 | D:3      | 3183 ||| IDENTIFYING fizzy pink potion
  3184 | D:3      | 3184 ||| DROPPING potion of attraction.
  3392 | D:4      | 3392 ||| Stepping ~*~*~tactically~*~*~ (stealth).
  3402 | D:4      | 3402 ||| Stepping ~*~*~tactically~*~*~ (outnumbered).
  3403 | D:4      | 3403 ||| Stepping ~*~*~tactically~*~*~ (outnumbered).
  3404 | D:4      | 3404 ||| Stepping ~*~*~tactically~*~*~ (outnumbered).
  3406 | D:4      | 3406 ||| Stepping ~*~*~tactically~*~*~ (outnumbered).
  3419 | D:4      | Reached skill level 1 in Armour
  3551 | D:4      | 3551 ||| Stepping ~*~*~tactically~*~*~ (stealth).
  3660 | D:4      | HP: 5/41 [iguana (6)]
  3664 | D:4      | Slain by an iguana

Levels and vault maps discovered:
D:1:      minmay_arrival_split_and_join, layout_rooms, minmay_door_square,
          minmay_fountain_box
D:2:      layout_loops_cross, grunt_ministairs_15
D:3:      layout_loops_cross, gammafunk_ghost_smash, uniq_natasha
D:4:      layout_gridville, mainiacjoe_overflow_boulevard

Skill      XL: |  1  2  3  4  5 |
---------------+----------------+-----
Unarmed Combat | 1 3 4 |  4.0
Fighting       | 1 |  1.9
Shields        | 1 2 |  2.3
Armour         | 1 |  1.2
Dodging        | |  1.7
Stealth        | |  2.1
Spellcasting   | |  1.7
Conjurations   | |  0.7
Fire Magic     | |  2.4

Action                   |  1- 3 |  4- 6 || total
-------------------------+-------+-------++-------
Melee: Unarmed           |   110 |   136 ||   246
  Use: Scroll            |     7 |     4 ||    11
       Potion            |       |     2 ||     2
Armor: Robe              |     6 |       ||     6
       Ring mail         |    25 |    27 ||    52
       Plate armour      |       |    23 ||    23
Dodge: Dodged            |    39 |    25 ||    64
Block: Kite shield       |    24 |    43 ||    67

Table legend:
 A = Non-vault XP
 B = Vault XP
 C = Vault XP percentage of total XP
 D = Non-vault monster count
 E = Vault monster count
 F = Vault count percentage of total count
                 A         B        C        D         E       F
            +---------+---------+-------+---------+---------+-------
      Total |     264 |      41 |  13.4 |      52 |       3 |   5.5
            +---------+---------+-------+---------+---------+-------
        D:1 |      21 |       0 |   0.0 |      13 |       0 |   0.0
        D:2 |      42 |       6 |  12.5 |      14 |       2 |  12.5
        D:3 |     151 |      35 |  18.8 |      19 |       1 |   5.0
        D:4 |      50 |       0 |   0.0 |       6 |       0 |   0.0
            +---------+---------+-------+---------+---------+-------
